AoeStats
← Krahhyz

Nomad

504164668Analyzed
2v2 RM · 28d ago on Sep 4, 2026· 39m 34s· 4 players
Game mode
Random Map
Map size
176×176
Population
200
Speed
Normal
Resources
Standard
Victory
Conquest
Starting age
Dark Age
Ending age
Imperial Age
RankedLock teamsTeams togetherTeam positionsShared explorationLock speedFull tech treeHidden civsTurbo modeCheats
Victory
Defeat
🇺🇸 Franks · United States
1030
+14
🇩🇪 Persians · Germany
996
+15
🇦🇺 Maya · Australia
998
-15
🇦🇺 Mongols · Australia
968
-14
silkroad
4:53 Loom
14:47 Feudal Age
15:50 Town Watch
17:38 Fishing Lines
21:04 Wheelbarrow
21:17 Double-Bit Axe
25:32 Castle Age
26:31 Hand Cart
26:29 Bow Saw
30:29 Guard Tower
31:53 Gillnets
35:21 Fletching
38:35 Town Patrol
41:52 Imperial Age
Spaceman Spiff
4:38 Loom
14:20 Feudal Age
23:58 Castle Age
22:00 Double-Bit Axe
22:36 Gold Mining
22:57 Stone Mining
23:40 Scale Barding Armor
26:28 Wheelbarrow
26:01 Husbandry
31:42 Forging
32:54 Gold Shaft Mining
35:13 Imperial Age
33:45 Bow Saw
34:53 Fletching
36:08 Chain Barding Armor
36:24 Iron Casting
36:11 Cavalier
37:53 Plate Barding Armor
37:40 Bodkin Arrow
38:42 Plate Barding Armor
38:40 Elite Throwing Axeman
PapaHewy
6:16 Loom
35:17 Feudal Age
Krahhyz
12:50 Feudal Age
13:22 Double-Bit Axe
14:08 Horse Collar
17:47 Loom
19:48 Wheelbarrow
24:41 Castle Age
26:03 Pikeman
26:25 Crossbowman
38:44 Imperial Age
37:18 Eagle Warrior
38:30 Fletching
Connection lost

Rejoining the realm…

Still unreachable

The connection could not be restored.

Session expired

The server has moved on; the page needs a fresh start.